 Dungeon Sprint DCSS version 0.30.1 (webtiles) character file.

Game seed: 200494974831969061

120 boopmooplesden the Cruncher (level 8, -3/79 HPs)
             Began as a Gargoyle Gladiator on July 14, 2023.
             Was an Elder of Trog.
             Slain by a boulder beetle (8 damage)
             ... in the Dungeon (Sprint VI: "Thunderdome").
             The game lasted 00:02:54 (631 turns).

boopmooplesden the Cruncher (Gargoyle Gladiator)     Turns: 631, Time: 00:02:54

Health: -3/79      AC: 22    Str: 28    XL:     8   Next: 15%
Magic:  8/8        EV: 10    Int:  8    God:    Trog [****..]
Gold:   220        SH:  5    Dex: 14    Spells: 7/7 levels left

rFire   + . .        a - +0 quarterstaff
rCold   + . .        (shield currently unavailable)
rNeg    + + .        t - +0 plate armour
rPois   ∞            c - +0 helmet
rElec   +            (no cloak)
rCorr   .            (no gloves)
SInv    +            (no boots)
Will    .....        q - amulet "Nounuski" {Reflect Fragile rF++ Dex+3 SH+5} Stlth
                     r - ring of Bariem {Ice rPois rN+ Str+2 SInv}
HPRegen 0.33/turn    s - ring "Atowuh" {AC+4 Str+5}
MPRegen 0.11/turn

%: no teleportation, reflection
@: berserking, very quick
A: sickness immunity, AC +5, negative energy resistance 1, electricity
resistance, torment resistance 1, petrification resistance
a: Renounce Religion, Berserk, Trog's Hand, Brothers in Arms


You were in the Dungeon.
You worshipped Trog.
Trog was greatly pleased with you.
You visited 1 branch You collected 400 gold pieces.
You spent 180 gold pieces at shops.

Inventory:

Hand Weapons
 a - a +0 quarterstaff (weapon)
Missiles
 d - 2 throwing nets (quivered)
 e - a javelin
Armour
 b - a +0 leather armour
 c - a +0 helmet (worn)
 t - a +0 plate armour (worn)
Jewellery
 p - the amulet of Urear {Reflect *Corrode rElec rPois SH+5}
   (You bought it in a shop in the Dungeon)

   [amulet of reflection]

   It reflects blocked missile attacks.
   rElec:     It insulates you from electricity.
   rPois:     It protects you from poison.
   *Corrode:  It may corrode you when you take damage.
   SH:        It affects your SH (+5).
 q - the amulet "Nounuski" (around neck) {Reflect Fragile rF++ Dex+3 SH+5}
   (You bought it in a shop in the Dungeon)

   [amulet of reflection]

   It reflects blocked missile attacks.
   Dex:       It affects your dexterity (+3).
   rF:        It greatly protects you from fire.
   Fragile:   It will be destroyed if unequipped.
   SH:        It affects your SH (+5).
 r - the ring of Bariem (left hand) {Ice rPois rN+ Str+2 SInv}
   (You bought it in a shop in the Dungeon)

   [ring of ice]

   It enhances your ice magic.
   Str:       It affects your strength (+2).
   rF:        It makes you vulnerable to fire.
   rC:        It protects you from cold.
   rPois:     It protects you from poison.
   rN:        It protects you from negative energy.
   SInv:      It lets you see invisible.
 s - the ring "Atowuh" (right hand) {AC+4 Str+5}
   (You bought it in a shop in the Dungeon)

   [ring of protection]

   AC:        It affects your AC (+4).
   Str:       It affects your strength (+5).
Wands
 m - a wand of acid (5)
 n - a wand of iceblast (5)
Scrolls
 k - 4 scrolls of blinking
 o - 3 scrolls of fog
Potions
 f - a potion of curing
 g - 4 potions of heal wounds
 h - 4 potions of haste
 i - 2 potions of magic
 j - a potion of berserk rage
 l - a potion of resistance


   Skills:
 + Level 7.6 Fighting
 + Level 12.0 Staves
 + Level 4.2 Throwing
 + Level 3.0 Armour
 + Level 8.0 Dodging
 + Level 3.9 Shields


You had 7 spell levels left.
You didn't know any spells.
Your spell library was empty.

Dungeon Overview and Level Annotations

Branches:
Dungeon (1/1)

Altars:
Cheibriados
Dithmenos
Fedhas
Gozag
Kikubaaqudgha
Makhleb
Okawaru
Qazlal
Ru
Sif Muna
Trog
Uskayaw
Vehumet
Wu Jian
Xom
Yredelemnul
Zin
The Shining One
Lugonu

Shops:
D *[??*?*:[((!!!!


Innate Abilities, Weirdness & Mutations

You are immune to sickness and miasma.
Your stone body is resilient. (AC +5)
You are immune to poison.
You resist negative energy. (rN+)
You are resistant to electric shocks. (rElec)
You are resistant to unholy torment.
You are immune to petrification.


Message History

You block the boulder beetle's attack.
The basilisk bites you but does no damage.
You closely miss the basilisk. You barely miss the basilisk.
You closely miss the basilisk.
The boulder beetle completely misses you.
The basilisk bites you!
You hit the basilisk.
The basilisk is lightly wounded.
You bludgeon the basilisk!!
The basilisk is severely wounded.
The boulder beetle bites you. The basilisk bites you!
* * * LOW HITPOINT WARNING * * *
You closely miss the basilisk.
The basilisk is severely wounded.
You miss the basilisk.
The basilisk is severely wounded.
The boulder beetle bites you.
* * * LOW HITPOINT WARNING * * *
The basilisk barely misses you.
You bludgeon the basilisk!!
You kill the basilisk!
Trog accepts your kill.
Your Staves skill increases to level 12!
Your Armour skill increases to level 3!
Your Dodging skill increases to level 8!
You have reached level 8!
You feel stronger.
You hit the komodo dragon but do no damage.
The komodo dragon bites you but does no damage.
The boulder beetle bites you!
* * * LOW HITPOINT WARNING * * *
You hit the boulder beetle.
The boulder beetle is lightly wounded.
You sock the boulder beetle!
The boulder beetle is moderately wounded.
The komodo dragon bites you!
* * * LOW HITPOINT WARNING * * *
The boulder beetle bites you!
You die...

#_......._# #_......._#
###......[..###
#⌠...........⌠#
######.8.)†).....8.###
##.___......###......._
###∩........8)# #.8......
##........l....###.l......
#⌠.......@B.###÷..###...).
#⌠..........# #.<.# #.....
#⌠....÷.....###...###.....
##......÷......###........
###∩......÷.8.# #.8......
##∩___..)...###......__
######.8.÷.......8.###
#⌠...........⌠#
###.........###


You could see a boulder beetle and a komodo dragon.

Vanquished Creatures
  A komodo dragon (D)
  A basilisk (D)
  A water moccasin (D)
  An orc warrior (D)
  An ice beast (D)
  A centaur (D)
  2 scorpions (D)
  3 adders (D)
  A river rat (D)
  5 orcs (D)
  A ball python (D)
18 creatures vanquished.

Vanquished Creatures (others)
  A shadow (D)
1 creature vanquished.

Grand Total: 19 creatures vanquished

Notes
Turn   | Place    | Note
-------+----------+-------------------------------------------
     0 | D        | boopmooplesden the Gargoyle Gladiator began the quest for
                  | the Orb.
     0 | D        | Reached XP level 1. HP: 12/12 MP: 1/1
     3 | D        | Found an iron altar of Okawaru.
     3 | D        | Found a basalt altar of Yredelemnul.
     4 | D        | Found a snail-covered altar of Cheibriados.
     4 | D        | Found a bloodstained altar of Trog.
     5 | D        | Found a radiant altar of Vehumet.
     5 | D        | Found a shimmering blue altar of Sif Muna.
     5 | D        | Round 1.
     6 | D        | Found a stormy altar of Qazlal.
     6 | D        | Found a hide-covered altar of Uskayaw.
     6 | D        | Found Rabubb Reog's Identification Station.
     7 | D        | Found Ogulaf's Jewellery.
     7 | D        | Found Guosix's Advanced Armour.
    15 | D        | Bought a crude copper amulet for 45 gold pieces
    15 | D        | Identified the amulet of Urear {Reflect *Corrode rElec
                  | rPois SH+5} (You bought it in a shop in the Dungeon)
    15 | D        | Bought a sparkling brass amulet for 45 gold pieces
    15 | D        | Identified the amulet "Nounuski" {Reflect Fragile rF++
                  | Dex+3 SH+5} (You bought it in a shop in the Dungeon)
    15 | D        | Bought a clouded steel ring for 45 gold pieces
    15 | D        | Identified the ring of Bariem {Ice rPois rN+ Str+2 SInv}
                  | (You bought it in a shop in the Dungeon)
    34 | D        | Found an ancient bone altar of Kikubaaqudgha.
    37 | D        | Found Qolugata's Premium Goods.
    38 | D        | Found Wayti's Miscellaneous Merchandise.
    38 | D        | Found Buubrami's Basic Armour.
    39 | D        | Found an ornate altar of the Wu Jian Council.
    39 | D        | Found a corrupted altar of Lugonu.
    39 | D        | Found Iski's Weapon Rack.
    43 | D        | Found a burning altar of Makhleb.
    45 | D        | Found a sacrificial altar of Ru.
    46 | D        | Found Wapt's Do-It-Yourself Clinic.
    46 | D        | Found a glowing golden altar of the Shining One.
    46 | D        | Found a glowing silver altar of Zin.
    46 | D        | Found Xeweloops's Distillery.
    47 | D        | Found Myohinuyf's Bottled Wisdom.
    47 | D        | Found Xecot's Distillery.
    50 | D        | Found a shimmering altar of Xom.
    51 | D        | Found a shadowy altar of Dithmenos.
    52 | D        | Found a blossoming altar of Fedhas.
    53 | D        | Found an opulent altar of Gozag.
    53 | D        | Found Caohuaha's Staff Store.
    53 | D        | Found Fomaboj's Magic Scroll Shop.
    54 | D        | Found Cocez's Must-Have Magic.
    54 | D        | Found Cerhatty's Magic Scroll Shop.
    66 | D        | Became a worshipper of Trog the Wrathful
   126 | D        | Reached skill level 4 in Staves
   153 | D        | Reached * piety under Trog
   153 | D        | Noticed an orc warrior
   154 | D        | Reached XP level 2. HP: 18/18 MP: 2/2
   168 | D        | Killed an orc warrior
   168 | D        | Arena points: 12 (+12) [x2]
   169 | D        | Reached skill level 6 in Staves
   169 | D        | Reached skill level 5 in Dodging
   169 | D        | Reached XP level 3. HP: 14/24 MP: 3/3
   169 | D        | Reached XP level 4. HP: 17/29 MP: 4/4
   209 | D        | Round 2.
   210 | D        | Bought a slimy copper ring for 45 gold pieces
   210 | D        | Identified the ring "Atowuh" {AC+4 Str+5} (You bought it in
                  | a shop in the Dungeon)
   307 | D        | Noticed a water moccasin
   309 | D        | Reached ** piety under Trog
   310 | D        | Reached XP level 5. HP: 32/33 MP: 5/5
   318 | D        | Killed a water moccasin
   319 | D        | Reached skill level 8 in Staves
   319 | D        | Reached skill level 1 in Armour
   319 | D        | Reached skill level 1 in Shields
   319 | D        | Reached XP level 6. HP: 36/40 MP: 6/6
   324 | D        | Arena points: 48 (+36) [x3]
   396 | D        | Round 3.
   397 | D        | Noticed a shadow
   400 | D        | Noticed an ice beast
   402 | D        | Noticed an orc warrior
   403 | D        | Killed a shadow
   404 | D        | Reached skill level 5 in Fighting
   420 | D        | Killed an ice beast
   420 | D        | Reached *** piety under Trog
   421 | D        | Reached skill level 9 in Staves
   424 | D        | Reached skill level 10 in Staves
   424 | D        | Reached XP level 7. HP: 46/46 MP: 7/7
   454 | D        | Arena points: 120 (+72) [x4]
   469 | D        | Round 4.
   493 | D        | Noticed a komodo dragon
   508 | D        | Killed a komodo dragon
   508 | D        | Reached **** piety under Trog
   509 | D        | Reached skill level 11 in Staves
   589 | D        | Noticed a komodo dragon
   615 | D        | Noticed a boulder beetle
   615 | D        | Noticed a basilisk
   628 | D        | Killed a basilisk
   629 | D        | Reached skill level 12 in Staves
   629 | D        | Reached XP level 8. HP: 20/53 MP: 8/8
   631 | D        | Slain by a boulder beetle

Illustrated notes

Levels and vault maps discovered:
D:        arena_sprint

Skill      XL: |  1  2  3  4  5  6  7 |
---------------+----------------------+-----
Throwing       | 2 3 4 |  4.2
Staves         | 4 6 8 10 12 | 12.0
Dodging        | 3 5 6 7 8 |  8.0
Fighting       | 3 4 6 7 |  7.6
Armour         | 1 3 |  3.0
Shields        | 1 2 3 |  3.9

Action                     |  1- 3 |  4- 6 |  7- 9 || total
---------------------------+-------+-------+-------++-------
  Melee: Quarterstaff      |    21 |    37 |    25 ||    83
  Throw: Throwing net      |       |     1 |       ||     1
 Invoke: Berserk           |     1 |     1 |     2 ||     4
 Armour: Leather armour    |     1 |    11 |       ||    12
         Plate armour      |       |       |     8 ||     8
  Dodge: Dodged            |     8 |    22 |     5 ||    35
  Block: Other             |     4 |    10 |     3 ||    17
